AoeStats
← ccya

Yucatan

510504606Analyzed
2v2 RM · 18h ago on Oct 1, 2026· 48m 45s· 4 players
Game mode
Random Map
Map size
Medium (4 player)
Population
200
Speed
Normal
Resources
Standard
Victory
Conquest
Starting age
Dark Age
Ending age
Imperial Age
RankedLock teamsTeams togetherTeam positionsShared explorationLock speedFull tech treeHidden civsTurbo modeCheats
Victory
Defeat
🇵🇭 Inca · Philippines
1116
+13
🇳🇱 Poles · Netherlands
1058
+15
🇨🇳 Celts · China
1109
-16
🇨🇳 Franks · China
984
-12
brandbaria
12:07 Feudal Age
11:29 Loom
16:18 Castle Age
14:21 Double-Bit Axe
16:32 Fletching
16:43 Padded Archer Armor
22:44 Bodkin Arrow
25:12 Padded Archer Armor
29:05 Ballistics
30:45 Wheelbarrow
32:29 Thumb Ring
35:08 Bow Saw
35:55 Bloodlines
35:45 Husbandry
38:31 Imperial Age
36:04 Gold Mining
37:01 Bloodlines
36:51 Husbandry
37:02 Horse Collar
37:52 Leather Archer Armor
39:42 Heavy Mounted Crossbowman
41:26 Chemistry
42:04 Bracer
Lord_Lion
8:56 Loom
11:06 Feudal Age
12:58 Horse Collar
13:06 Double-Bit Axe
14:15 Champi Runner
18:58 Forging
18:49 Scale Mail Armor
19:28 Horse Collar
21:54 Castle Age
20:20 Fletching
22:04 Pikeman
29:33 Heavy Plow
29:33 Champi Warrior
30:57 Bodkin Arrow
32:06 Wheelbarrow
34:31 Iron Casting
35:15 Chain Mail Armor
37:19 Bow Saw
41:37 Thumb Ring
41:35 Andean Sling
42:36 Gold Mining
43:16 Padded Archer Armor
46:00 Imperial Age
44:09 Hand Cart
美团外卖总教练
7:38 Loom
11:34 Feudal Age
12:50 Wheelbarrow
12:03 Double-Bit Axe
12:00 Horse Collar
18:26 Castle Age
17:22 Man-at-Arms
22:00 Bow Saw
23:42 Hand Cart
27:14 Heavy Plow
28:37 Stone Mining
29:31 Gold Mining
31:32 Fletching
32:13 Bodkin Arrow
34:01 Gold Shaft Mining
34:02 Stone Shaft Mining
36:12 Imperial Age
34:46 Stronghold
35:02 Scale Mail Armor
35:12 Forging
36:18 Chain Mail Armor
35:27 Pikeman
36:46 Halberdier
38:01 Conscription
37:53 Furor Celtica
38:18 Plate Mail Armor
39:19 Long Swordsman
41:12 Capped Ram
42:14 Siege Ram
44:05 Iron Casting
45:17 Elite Woad Raider
ccya
7:18 Loom
10:21 Feudal Age
19:54 Castle Age
18:13 Gold Mining
18:11 Double-Bit Axe
19:16 Scale Barding Armor
19:22 Forging
19:58 Town Watch
22:05 Husbandry
30:20 Chain Barding Armor
Connection lost

Rejoining the realm…

Still unreachable

The connection could not be restored.

Session expired

The server has moved on; the page needs a fresh start.